 Dungeon Crawl Stone Soup version 0.29.1-12-g30fa7ad0bf (webtiles) character file.

Game seed: 16916564695710927532

1781 112233 the Thaumaturge (level 8, -6/41 HPs)
             Began as a Deep Elf Earth Elementalist on Dec 24, 2022.
             Was an Initiate of Vehumet.
             Mangled by a killer bee (8 damage)
             ... on level 10 of the Dungeon.
             The game lasted 00:05:12 (7116 turns).

112233 the Thaumaturge (DEEE)                       Turns: 7116, Time: 00:05:14

Health: -6/41      AC:  3    Str:  5    XL:     8   Next: 81%
Magic:  19/26      EV: 12    Int: 23    God:    Vehumet [......]
Gold:   219        SH:  0    Dex: 15    Spells: 25/31 levels left

rFire   . . .      SeeInvis .   v - staff of conjuration
rCold   . . .      Faith    .   (no shield)
rNeg    . . .      Spirit   .   a - +0 robe
rPois   .          Reflect  .   (no helmet)
rElec   .          Harm     .   (no cloak)
rCorr   .          Rampage  .   (no gloves)
Will    +....                   w - +0 pair of boots
Stlth   ++........              (no amulet)
HPRegen 0.13/turn               u - ring of willpower
MPRegen 0.20/turn               (no ring)

@: lethally poisoned (-6 -> -14)
A: no striking features
a: Renounce Religion


You were on level 10 of the Dungeon.
You worshipped Vehumet.
Vehumet was noncommittal.
You visited 2 branches of the dungeon, and saw 10 of its levels.

You collected 480 gold pieces.
You spent 261 gold pieces at shops.

Inventory:

Hand Weapons
 g - a +2 short sword of venom
 p - a +2 whip of freezing
Armour
 a - a +0 robe (worn)
 w - a +0 pair of boots (worn)
 x - a scarf of repulsion
Magical Staves
 v - a staff of conjuration (weapon)
Jewellery
 u - a ring of willpower (left hand)
 y - an amulet of faith
 C - a ring of positive energy
Wands
 r - a wand of flame (13)
 I - a wand of charming (5)
Scrolls
 c - 6 scrolls of teleportation {unknown}
 d - a scroll of noise {unknown}
 e - a scroll of enchant weapon {unknown}
 f - 3 scrolls of enchant armour {unknown}
 h - 8 scrolls of identify {unknown}
 i - a scroll of silence {unknown}
 l - a scroll of torment {unknown}
 m - 5 scrolls of blinking {unknown}
 o - a scroll of immolation {unknown}
 s - 2 scrolls of amnesia {unknown}
 z - a scroll of fog {unknown}
 B - a scroll of magic mapping {unknown}
 D - a scroll of vulnerability {unknown}
 E - 3 scrolls of poison {unknown}
Potions
 b - 3 potions of magic
 j - 2 potions of lignification
 k - 3 potions of might
 n - a potion of haste
 q - a potion of brilliance
 t - 2 potions of curing
 A - a potion of flight {unknown}
 F - a potion of berserk rage {unknown}
 G - a potion of resistance {unknown}
 H - a potion of attraction {unknown}
 J - a potion of mutation {unknown}


   Skills:
 - Level 2.4 Dodging
 - Level 2.4 Stealth
 * Level 12.4 Spellcasting
 - Level 1.1 Transmutations
 + Level 7.9 Earth Magic


You had 25 spell levels left.
You knew the following spells:

 Your Spells              Type           Power      Damage    Failure   Level
a - Sandblast             Erth           100%       2d20      1%          1
b - Stone Arrow           Conj/Erth      96%        3d13      2%          3
c - Passwall              Tmut/Erth      29%        N/A       1%          2

Your spell library contained the following spells:

 Spells                   Type           Power      Damage    Failure   Level
 Magic Dart               Conj           84%        1d7       4%          1
 Shock                    Conj/Air       84%        1d8       4%          1
 Petrify                  Tmut/Erth      35%        N/A       7%          4
 Gell's Gravitas          Tloc           14%        N/A       13%         3
 Teleport Other           Tloc           14%        N/A       13%         3
 Dispersal                Tloc           7%         N/A       100%        6


Dungeon Overview and Level Annotations

Branches:
Dungeon (8/15)             Temple (1/1) D:7
   Lair: D:8-11

Altars:
Ashenzari
Cheibriados
Dithmenos
Fedhas
Gozag
Hepliaklqana
Makhleb
Nemelex Xobeh
Qazlal
Ru
Sif Muna
Trog
Uskayaw
Vehumet
Wu Jian
Xom
Yredelemnul
Zin
The Shining One

Shops:
D:7 *

Annotations:
D:4 2 transporters, LaMa's ghost, amateur MfGl


Message History

Aim: a killer bee (severely wounded, 69% to hit)
The blast of sand hits the killer bee!!
You kill the killer bee!
Vehumet accepts your kill.
You feel very sick. The killer bee stings you! The killer bee stings you.
Unknown command.
Casting: Sandblast (safe; 1% risk of failure)
Confirm with . or Enter, or press ? or * to list all spells.
Aiming: Sandblast (safe; 1% risk of failure)
Press: ? - help, Shift-Dir - straight line, f - killer bee
Aim: a killer bee (70% to hit)
The blast of sand hits the killer bee!!!
You kill the killer bee!
Vehumet accepts your kill.
You feel sick.
The killer bee stings you but does no damage.
The killer bee barely misses you.
Casting: Sandblast (safe; 1% risk of failure)
Confirm with . or Enter, or press ? or * to list all spells.
Aiming: Sandblast (safe; 1% risk of failure)
Press: ? - help, Shift-Dir - straight line, f - killer bee
Aim: a killer bee (70% to hit)
The blast of sand misses the killer bee.
You feel sick. The killer bee stings you.
You are more poisoned.
The killer bee poisons you! The killer bee barely misses you.
The killer bee stings you!
* * * LOW HITPOINT WARNING * * *
Casting: Sandblast (safe; 1% risk of failure)
Confirm with . or Enter, or press ? or * to list all spells.
Aiming: Sandblast (safe; 1% risk of failure)
Press: ? - help, Shift-Dir - straight line, f/p - killer bee
Aim: a killer bee (70% to hit)
The blast of sand hits the killer bee!
The killer bee is almost dead.
* * * LOW HITPOINT WARNING * * *
You feel very sick. The killer bee stings you!
You die...

###.# #...#
#...####
#......##
#+#.....##
####........##
#............###
#......##......#
#†@....##.#......
#y############...
..† .# ..... #
....... .......
....... .......


You could see a killer bee.

Vanquished Creatures
  A sky beast (D:7)
  A black bear (D:5)
  An orc warrior (D:7)
  An ice beast (D:5)
  A centaur (D:7)
  A phantom (D:3)
  A necrophage (D:6)
  4 scorpions
  3 killer bees (D:10)
  5 jellies
  2 orc priests
  6 hounds
  6 orc wizards
  2 iguanas (D:7)
  2 gnolls (D:8)
  7 adders
  2 shadow imps
  A white imp (D:6)
  2 worms
  11 dart slugs (D:5)
  17 orcs
  8 endoplasms
  4 giant cockroaches
  7 goblins
  4 hobgoblins
  2 jackals (D:4)
  12 kobolds
  A quokka (D:4)
  2 ball pythons
  4 bats
  A frilled lizard (D:1)
  5 rats
127 creatures vanquished.

Vanquished Creatures (others)
  6 plants (D:4)
6 creatures vanquished.

Grand Total: 133 creatures vanquished

Notes
Turn   | Place    | Note
-------+----------+-------------------------------------------
     0 | D:1      | 112233 the Deep Elf Earth Elementalist began the quest for
                  | the Orb.
     0 | D:1      | Reached XP level 1. HP: 10/10 MP: 6/6
   290 | D:1      | Reached XP level 2. HP: 15/15 MP: 5/8
   715 | D:1      | Reached skill level 4 in Spellcasting
  1127 | D:2      | Found a glowing golden altar of the Shining One.
  1212 | D:2      | Reached XP level 3. HP: 19/19 MP: 8/10
  1749 | D:3      | Reached skill level 5 in Spellcasting
  2006 | D:3      | Learned a level 3 spell: Stone Arrow
  2009 | D:3      | Learned a level 2 spell: Passwall
  2019 | D:3      | Reached XP level 4. HP: 24/24 MP: 10/13
  2129 | D:3      | Noticed a phantom
  2133 | D:3      | Killed a phantom
  2134 | D:3      | Reached skill level 6 in Spellcasting
  2134 | D:3      | Reached XP level 5. HP: 28/28 MP: 9/15
  2461 | D:4      | HP: 1/28 [something (1)]
  2466 | D:4      | Reached skill level 7 in Spellcasting
  2468 | D:4      | Reached skill level 5 in Earth Magic
  2474 | D:4      | HP: 1/42 [kobold/+0 dagger (2)]
  2558 | D:4      | Found a burning altar of Makhleb.
  2665 | D:4      | Reached XP level 6. HP: 32/32 MP: 16/18
  3058 | D:4      | Found a transporter.
  3058 | D:4      | Found a transporter.
  3068 | D:4      | Noticed LaMa's ghost (amateur MfGl)
  3068 | D:4      | Identified the +1 spear "Sonoeh" {vamp, Contam rF++ Dex+5}
  3164 | D:4      | Found a broken altar of Ashenzari.
  3164 | D:4      | Found an opulent altar of Gozag.
  3367 | D:5      | Entered Level 5 of the Dungeon
  3570 | D:5      | Reached skill level 8 in Spellcasting
  3644 | D:5      | Noticed an ice beast
  3647 | D:5      | Killed an ice beast
  3648 | D:5      | Reached XP level 7. HP: 32/36 MP: 17/21
  3741 | D:5      | Reached skill level 9 in Spellcasting
  4137 | D:5      | Found a sacrificial altar of Ru.
  4296 | D:5      | Found a snail-covered altar of Cheibriados.
  4681 | D:6      | Reached skill level 10 in Spellcasting
  4949 | D:6      | Found a stormy altar of Qazlal.
  5097 | D:6      | Reached XP level 8. HP: 40/41 MP: 20/24
  5492 | D:6      | Reached skill level 11 in Spellcasting
  5853 | D:7      | Found a staircase to the Ecumenical Temple.
  5881 | Temple   | Entered the Ecumenical Temple
  5963 | Temple   | Became a worshipper of Vehumet
  6322 | D:7      | Found a bloodstained altar of Trog.
  6326 | D:7      | Reached skill level 12 in Spellcasting
  6383 | D:7      | Found a shimmering blue altar of Sif Muna.
  6387 | D:7      | Got Sif Muna's Monograph on Blasts
  6444 | D:7      | Found Lastri's Assorted Antiques.
  6452 | D:7      | Bought a potion of curing for 87 gold pieces
  6452 | D:7      | Bought a scroll labelled FORINNA TUIMA for 29 gold pieces
  6452 | D:7      | Bought a scroll labelled VAZ XATA COTRE for 29 gold pieces
  6452 | D:7      | Bought a blackened brass wand for 116 gold pieces
  6905 | D:8      | Found a hide-covered altar of Uskayaw.
  6990 | D:8      | You fall into a shaft and drop 2 floors!
  6990 | D:10     | Entered Level 10 of the Dungeon
  7116 | D:10     | HP: 2/41 [poisoned by a killer bee]
  7116 | D:10     | Mangled by a killer bee

Illustrated notes

Levels and vault maps discovered:
D:1:      saegor_arrival_simple_d, layout_loops_cross
D:2:      layout_rooms, basic_altar
D:3:      layout_loops_cross
D:4:      layout_cave_pools, old_standard_altar,
          amethyst_overflow_temple_binary, gammafunk_ghost_gnarly_gnolls
D:5:      kennysheep_slugbush, layout_basic, kennysheep_little_box,
          mainiacjoe_overflow_concentric_impassable, minivault_23,
          dk_noncrumbling_3
D:6:      layout_layer_cave, mainiacjoe_overflow_brackets,
          minmay_misc_feat_pillars
D:7:      layout_gridville, nzn_overflow_gifts_of_might_and_magic,
          temple_statues, serial_shops, shop
D:8:      layout_cave_pods, eat_drink_and_be_merry_uskayaw
D:10:     layout_gridville, nicolae_tso_carved_into_rock, erik_lair_dragon,
          gammafunk_ghost_smash, enter_bailey_5
Temple:   nicolae_temple_bog_church

Skill      XL: |  1  2  3  4  5  6  7  8 |
---------------+-------------------------+-----
Spellcasting   | 4 5 6 7 8 10 12 | 12.4
Earth Magic    | 4 5 6 7 |  7.9
Dodging        | |  2.4
Stealth        | |  2.4
Transmutations | |  1.1

Action                   |  1- 3 |  4- 6 |  7- 9 || total
-------------------------+-------+-------+-------++-------
Melee: Short sword       |       |     6 |       ||     6
       Staff             |       |     2 |     1 ||     3
 Cast: Sandblast         |    63 |    59 |    73 ||   195
       Stone Arrow       |       |     4 |    22 ||    26
  Use: Potion            |       |     6 |       ||     6
Armor: Robe              |     2 |     6 |     4 ||    12
       Skin              |       |    38 |       ||    38
Dodge: Dodged            |    10 |    27 |    26 ||    63
